 Dungeon Crawl Stone Soup version 0.22-a0-161-g198051c (webtiles) character file.

106 b5mith the Skirmisher (level 4, -17/41 HPs)
             Began as a Minotaur Fighter on Feb 11, 2018.
             Demolished by Ijyb
             ... wielding a +2 dagger of distortion
              (25 damage)
             ... while paralysed by Ijyb
             ... on level 3 of the Dungeon.
             The game lasted 00:04:38 (1832 turns).

b5mith the Skirmisher (Minotaur Fighter)            Turns: 1832, Time: 00:04:39

Health: -17/41     AC:  7    Str: 22    XL:     4   Next: 55%
Magic:  3/3        EV:  2    Int:  5    God:
Gold:   216        SH:  0    Dex:  9    Spells: 3/3 levels left

rFire    . . .     SeeInvis .   a - +0 long sword
rCold    . . .     Gourm    .   c - +0 shield
rNeg     . . .     Faith    .   b - +0 scale mail
rPois    .         Spirit   .   (helmet restricted)
rElec    .         Reflect  .   (no cloak)
rCorr    .         Harm     .   (no gloves)
MR       .....                  (no boots)
Stlth    ..........             (no amulet)
HPRegen  0.13/turn              (no ring)
MPRegen  0.08/turn              (no ring)

@: paralysed, about to teleport
A: retaliatory headbutt, horns 2
a: no special abilities


You were on level 3 of the Dungeon.
You were not hungry.

You visited 1 branch of the dungeon, and saw 3 of its levels.

You collected 216 gold pieces.

Inventory:

Hand Weapons
 a - a +0 long sword (weapon)
Missiles
 e - 75 stones
 i - 8 tomahawks (quivered)
Armour
 b - a +0 scale mail (worn)
 c - a +0 shield (worn)
Scrolls
 g - 2 scrolls of identify {unknown}
 m - a scroll of enchant armour {unknown}
 n - a scroll of fog {unknown}
Potions
 d - a potion of might
 h - 3 potions of ambrosia {unknown}
 j - 2 potions of curing {unknown}
 k - a potion of mutation {unknown}
 l - a potion of agility {unknown}
 o - a potion of heal wounds {unknown}
Comestibles
 f - 5 rations


   Skills:
 + Level 4.4 Fighting
 * Level 4.1 Long Blades
 + Level 4.2 Armour
 + Level 4.3 Shields


You had 3 spell levels left.
You didn't know any spells.

Dungeon Overview and Level Annotations

Branches:
Dungeon (3/15)

Altars:
Yredelemnul
Zin

Annotations:
D:3 Ijyb


Innate Abilities, Weirdness & Mutations

You reflexively headbutt those who attack you in melee.
You have a pair of horns on your head.


Message History

You block Ijyb's attack.
The jackal bites you but does no damage.
You closely miss Ijyb.
Ijyb is lightly wounded.
The jackal closely misses you.
Ijyb zaps a wand.
You resist with some effort.
It is a wand of paralysis (5).
You slash Ijyb!
Ijyb is heavily wounded.
You block the jackal's attack.
Ijyb zaps a wand.
You suddenly lose the ability to move!
The jackal bites you. Ijyb hits you but does no damage.
Space warps horribly around you!
Ouch! That really hurt!
* * * LOW HITPOINT WARNING * * *
The jackal barely misses you.
The jackal bites you but does no damage.
Ijyb hits you but does no damage.
You feel strangely unstable. The jackal completely misses you.
Ijyb hits you but does no damage. Space warps horribly around you!
Ouch! That really hurt!
You die...

#.#.. #
#.#.# #.#.
#.#.# #.#.
#.#.# #.#.
####'#.#
#.#.
#......#
#..#
#......#
#..#
#......#
#...
#...@g.#
##.#
#$..h..# #.#
#........).
##.
#......###.#
#. ####+###
#. #. ## # #


You could see Ijyb and a jackal.

Vanquished Creatures
  4 adders
  4 worms
  2 dart slugs (D:1)
  3 leopard geckos
  4 bats
  4 goblins (D:1)
  7 hobgoblins
  4 jackals (D:1)
  A quokka (D:3)
  2 frilled lizards (D:1)
  10 kobolds
  8 rats
  A spectral orc (D:2)
54 creatures vanquished.

Notes
Turn   | Place    | Note
-------+----------+-------------------------------------------
     0 | D:1      | b5mith the Minotaur Fighter began the quest for the Orb.
     0 | D:1      | Reached XP level 1. HP: 19/19 MP: 0/0
    58 | D:1      | Reached XP level 2. HP: 15/27 MP: 1/1
   459 | D:1      | Reached XP level 3. HP: 26/33 MP: 2/2
  1095 | D:2      | Found a glowing silver altar of Zin.
  1215 | D:2      | Found a basalt altar of Yredelemnul.
  1247 | D:2      | Reached XP level 4. HP: 40/40 MP: 3/3
  1823 | D:3      | Noticed Ijyb
  1830 | D:3      | Paralysed by Ijyb for 7 turns
  1832 | D:3      | Demolished by Ijyb

Vault maps used:
D:1:      saegor_arrival_miasma, minmay_fountain_box, serial_bayou_crossing
D:2:      yredelemnul_forgotten_temple_becter, marbit_many_paths, first_ration,
          kennysheep_generic_room_13
D:3:      wad_crossroads, uniq_ijyb

Skill      XL: |  1  2  3  4 |
---------------+-------------+-----
Long Blades    | 3 4 |  4.1
Fighting       | 4 |  4.4
Shields        | 4 |  4.3
Armour         | 4 |  4.2

Action                   |  1- 3 |  4- 6 || total
-------------------------+-------+-------++-------
Melee: Long sword        |    86 |    50 ||   136
       Headbutt          |    19 |    12 ||    31
  Eat: Ration            |     1 |       ||     1
Armor: Scale mail        |    34 |    34 ||    68
Dodge: Dodged            |    25 |    18 ||    43
Block: Shield            |    47 |    26 ||    73
       Rpst.: Long sword |     7 |     3 ||    10

Table legend:
 A = Spawn XP
 B = Non-spawn XP
 C = Spawn XP percentage of total XP
 D = Spawn monster count
 E = Non-spawn monster count
 F = Spawn count percentage of total count
 G = Total turns spent on level
                    A         B        C        D         E        F      G
               +---------+---------+-------+---------+---------+-------+---------
         Total |       0 |     152 |   0.0 |       0 |      54 |   0.0 |  1832
               +---------+---------+-------+---------+---------+-------+---------
           D:1 |       0 |      41 |   0.0 |       0 |      23 |   0.0 |   595
           D:2 |       0 |      60 |   0.0 |       0 |      13 |   0.0 |   733
           D:3 |       0 |      51 |   0.0 |       0 |      18 |   0.0 |   504
               +---------+---------+-------+---------+---------+-------+---------
